 Dungeon Sprint DCSS version 0.23.1-37-gaa34b87 (webtiles) character file.

Game seed: 11166970052491755298

272 nuthulu the Fighter (level 9, -2/82 (83) HPs)
             Began as a Formicid Fighter on Mar 20, 2019.
             Was a High Priest of Qazlal.
             Slain by the 27-headed Lernaean hydra (6 damage)
             ... in the Dungeon (Sprint VI: "Thunderdome").
             The game lasted 00:03:54 (672 turns).

nuthulu the Fighter (Formicid Fighter)               Turns: 672, Time: 00:03:55

HP:   -2/82 (83)    AC: 11    Str: 19    XL:     9   Next: 18%
MP:   9/9           EV:  9    Int: 11    God:    Qazlal [*****.]
Gold: 140           SH: 19    Dex: 22    Spells: 8/8 levels left

rFire    + . .     SeeInvis +   a - +0 war axe
rCold    . . .     Gourm    .   c - +0 shield
rNeg     . . .     Faith    .   b - +0 scale mail
rPois    +         Spirit   .   (helmet unavailable)
rElec    +         Reflect  .   (no cloak)
rCorr    .         Harm     .   (no gloves)
MR       +....                  (no boots)
Stlth    ..........             p - amulet of Winter {Fragile +Rage rElec rPois Dex+6}
HPRegen  0.23/turn              s - ring "Zarouzxit" {rF+ Str-5 Dex+2 Stlth-} (curse)
MPRegen  0.11/turn              q - ring of Lechief {rElec Int+3}

@: protected from physical damage, repel missiles
A: permanent stasis, dig shafts and tunnels, four strong arms, antennae 3,
hooves 2, thin skeletal structure 1, agile 1, magic resistance 1
a: Dig, Upheaval, Elemental Force, Disaster Area, Renounce Religion


You were in the Dungeon.
You worshipped Qazlal.
Qazlal was extremely pleased with you.
You were not hungry.

You visited 1 branch You collected 600 gold pieces.
You spent 460 gold pieces at shops.

Inventory:

Hand Weapons
 a - a +0 war axe (weapon)
Armour
 b - a +0 scale mail (worn)
 c - a +0 shield (worn)
Jewellery
 p - the amulet of Winter (around neck) {Fragile +Rage rElec rPois Dex+6}
   (You bought it in a shop in the Dungeon)

   [amulet of rage]

   It affects your dexterity (+6).
   It insulates you from electricity.
   It protects you from poison.
   It lets you go berserk.
   It will be destroyed if unequipped.
 q - the ring of Lechief (right hand) {rElec Int+3}
   (You bought it in a shop in the Dungeon)

   [ring of intelligence]

   It affects your intelligence (+3).
   It insulates you from electricity.
 r - the ring of Zin's Hope {rC+ Int+4 Dex+6 Slay-2 Stlth+}
   (You bought it in a shop in the Dungeon)

   [ring of dexterity]

   It affects your intelligence (+4).
   It affects your dexterity (+6).
   It affects your accuracy and damage with ranged weapons and melee attacks
   (-2).
   It protects you from cold.
   It makes you more stealthy.
 s - the cursed ring "Zarouzxit" (left hand) {rF+ Str-5 Dex+2 Stlth-}
   (You bought it in a shop in the Dungeon)

   [ring of strength]

   It affects your strength (-5).
   It affects your dexterity (+2).
   It protects you from fire.
   It makes you less stealthy.
   It has a curse placed upon it.
Wands
 l - a wand of acid (4)
 m - a wand of iceblast (3)
Scrolls
 k - 4 scrolls of blinking
 n - 3 scrolls of fog
Potions
 d - a potion of might
 e - a potion of curing
 g - 4 potions of heal wounds
 h - 4 potions of haste
 i - 2 potions of magic
 j - a potion of berserk rage
 o - a potion of resistance
 t - a potion of mutation
 u - a potion of brilliance {unknown}
Comestibles
 f - a ration


   Skills:
 * Level 12.5 Fighting
 * Level 11.3 Axes
 + Level 9.5 Armour
 + Level 10.2 Shields


You had 8 spell levels left.
You didn't know any spells.
Your spell library was empty.

Dungeon Overview and Level Annotations

Branches:
Dungeon (1/1)

Altars:
Cheibriados
Dithmenos
Fedhas
Gozag
Kikubaaqudgha
Makhleb
Okawaru
Qazlal
Ru
Sif Muna
Trog
Uskayaw
Vehumet
Wu Jian
Xom
Yredelemnul
Zin
The Shining One
Beogh
Jiyva
Lugonu

Shops:
D *[%??*?*:[((!!!!

Annotations:
D Lernaean hydra


Innate Abilities, Weirdness & Mutations

You cannot be hasted, slowed, berserked, paralysed or teleported.
You can dig through walls and to a lower floor.
Your four strong arms can wield two-handed weapons with a shield.
You have a pair of large antennae on your head. (SInv)
You have hoof-like feet.
You have a somewhat thin skeletal structure. (Dex +2, Stealth)
You are agile. (Dex +2)
You are resistant to hostile enchantments. (MR+)


Message History

You feel more protected from physical attacks.
The 27-headed Lernaean hydra bites you but does no damage. x2
The 27-headed Lernaean hydra bites you.
* * * LOW HITPOINT WARNING * * *
You feel more protected from physical attacks.
The 27-headed Lernaean hydra bites you!
* * * LOW HITPOINT WARNING * * *
You block the 27-headed Lernaean hydra's attack.
The 27-headed Lernaean hydra bites you.
* * * LOW HITPOINT WARNING * * *
The 27-headed Lernaean hydra bites you but does no damage.
You block the 27-headed Lernaean hydra's attack.
The 27-headed Lernaean hydra bites you but does no damage.
The 27-headed Lernaean hydra bites you.
* * * LOW HITPOINT WARNING * * *
The 27-headed Lernaean hydra closely misses you.
You block the 27-headed Lernaean hydra's attack.
The 27-headed Lernaean hydra bites you but does no damage.
The 27-headed Lernaean hydra bites you.
You die...

⌠..........# #.<.# #..........⌠#
⌠..........###...###..........⌠#
#.............###.............##
###∩........8.# #.8........∩###
##∩___......###○.....___∩##
######.8.........8.######
#⌠........§..⌠# ###....○D...###
#_..§○@.☼.# #_...§§...#
#_......._# #∩.......∩#
##∩.....∩## ##.....## ##⌠⌠⌠##
#####


You could see the 27-headed Lernaean hydra.

Vanquished Creatures
  A spiny frog (D)
  Sigmund (D)
  6 neqoxecs (D)
  2 necrophages (D)
  A phantom (D)
  A scorpion (D)
  2 wights (D)
  Jessica (D)
  An ooze (D)
  An orc (D)
  4 giant cockroaches (D)
  A goblin (D)
  A giant cockroach zombie (D)
23 creatures vanquished.

Notes
Turn   | Place    | Note
-------+----------+-------------------------------------------
     0 | D        | nuthulu the Formicid Fighter began the quest for the Orb.
     0 | D        | Reached XP level 1. HP: 18/18 MP: 1/1
     1 | D        | Found a glowing golden altar of the Shining One.
     1 | D        | Found a burning altar of Makhleb.
     2 | D        | Found an opulent altar of Gozag.
     2 | D        | Found a deep blue altar of Sif Muna.
     3 | D        | Found a roughly hewn altar of Beogh.
     3 | D        | Found a shadowy altar of Dithmenos.
     4 | D        | Found a corrupted altar of Lugonu.
     4 | D        | Found Xogip's Magic Scroll Shop.
     4 | D        | Found Vebidan's Staff Store.
     5 | D        | Found Loizirch's Magic Scroll Shop.
     5 | D        | Found Kemme's Must-Have Magic.
     5 | D        | Round 1.
     6 | D        | Found a bloodstained altar of Trog.
     7 | D        | Found Mityaf's Delicious Food.
     7 | D        | Found a stormy altar of Qazlal.
     7 | D        | Found a shimmering altar of Xom.
     7 | D        | Found a radiant altar of Vehumet.
     7 | D        | Found Vewotimi's Identification Station.
     8 | D        | Found Jofo's Jewellery.
     8 | D        | Found Lefis's Advanced Armour.
    23 | D        | Bought a glittering graven amulet for 45 gold pieces
    23 | D        | Bought a smoking bone ring for 45 gold pieces
    23 | D        | Bought a slimy marble ring for 45 gold pieces
    23 | D        | Identified the ring of Zin's Hope {rC+ Int+4 Dex+6 Slay-2
                  | Stlth+} (You bought it in a shop in the Dungeon)
    24 | D        | Identified the amulet of Winter {Fragile +Rage rElec rPois
                  | Dex+6} (You bought it in a shop in the Dungeon)
    25 | D        | Identified the ring of Lechief {rElec Int+3} (You bought it
                  | in a shop in the Dungeon)
    26 | D        | Bought a transparent granite ring for 45 gold pieces
    27 | D        | Identified the cursed ring "Zarouzxit" {rF+ Str-5 Dex+2
                  | Stlth-} (You bought it in a shop in the Dungeon)
    31 | D        | Found a basalt altar of Yredelemnul.
    35 | D        | Became a worshipper of Qazlal Stormbringer
    37 | D        | Found a sacrificial altar of Ru.
    57 | D        | Reached XP level 2. HP: 22/25 MP: 2/2
    64 | D        | Found a viscous altar of Jiyva.
    65 | D        | Found a snail-covered altar of Cheibriados.
    65 | D        | Found Kapruwug's Premium Goods.
    65 | D        | Found Cyowoinau's Weapon Rack.
    66 | D        | Found Faotij's Miscellaneous Merchandise.
    66 | D        | Found Disimec's Basic Armour.
    69 | D        | Found an iron altar of Okawaru.
    70 | D        | Found a hide-covered altar of Uskayaw.
    71 | D        | Found a glowing silver altar of Zin.
    72 | D        | Found Tajagg's Do-It-Yourself Clinic.
    72 | D        | Found an ornate altar of the Wu Jian Council.
    72 | D        | Found a blossoming altar of Fedhas.
    72 | D        | Found an ancient bone altar of Kikubaaqudgha.
    72 | D        | Found Huadwopu's Distillery.
    73 | D        | Found Suript's Bottled Wisdom.
    73 | D        | Found Cakhlafim's Distillery.
    82 | D        | Noticed Sigmund
    90 | D        | Killed Sigmund
    90 | D        | Reached skill level 7 in Fighting
    90 | D        | Reached XP level 3. HP: 36/36 MP: 3/3
    90 | D        | Reached XP level 4. HP: 43/43 MP: 4/4
    90 | D        | Reached XP level 5. HP: 48/48 MP: 5/5
    97 | D        | Reached * piety under Qazlal
   130 | D        | Noticed Jessica
   140 | D        | Killed Jessica
   140 | D        | Arena points: 12 (+12) [x2]
   140 | D        | Reached XP level 6. HP: 56/56 MP: 6/6
   191 | D        | Round 2.
   244 | D        | Reached ** piety under Qazlal
   244 | D        | Reached skill level 8 in Fighting
   284 | D        | Arena points: 48 (+36) [x3]
   339 | D        | Round 3.
   346 | D        | Reached *** piety under Qazlal
   367 | D        | Noticed a necrophage
   367 | D        | Noticed a necrophage
   374 | D        | Killed a necrophage
   374 | D        | Reached skill level 9 in Fighting
   374 | D        | Reached XP level 7. HP: 63/64 MP: 7/7
   421 | D        | Reached **** piety under Qazlal
   421 | D        | Reached skill level 10 in Fighting
   446 | D        | Arena points: 132 (+84) [x4]
   476 | D        | Round 4.
   479 | D        | Noticed a neqoxec
   496 | D        | Killed a neqoxec
   496 | D        | Reached XP level 8. HP: 60/73 MP: 8/8
   531 | D        | Gained mutation: Your spells are a little easier to cast,
                  | but a little less powerful. [a neqoxec]
   533 | D        | Gained mutation: Your spells are easier to cast, but less
                  | powerful. [a neqoxec]
   534 | D        | Reached skill level 11 in Fighting
   537 | D        | Gained mutation: You are clumsy. (Dex -2) [a neqoxec]
   538 | D        | Gained mutation: You are dopey. (Int -2) [a neqoxec]
   540 | D        | Gained mutation: Your body sometimes deteriorates upon
                  | taking damage. [a neqoxec]
   546 | D        | Reached ***** piety under Qazlal
   546 | D        | Reached skill level 10 in Axes
   561 | D        | Gained mutation: You are weak. (Str -2) [a neqoxec]
   568 | D        | Gained mutation: You occasionally shout uncontrollably at
                  | your foes. [a neqoxec]
   571 | D        | Arena points: 272 (+140) [x5]
   571 | D        | Reached skill level 12 in Fighting
   578 | D        | Bought 2 potions of mutation for 112 gold pieces
   578 | D        | Lost mutation: You are clumsy. (Dex -2) [potion of
                  | mutation]
   578 | D        | Lost mutation: You occasionally shout uncontrollably at
                  | your foes. [potion of mutation]
   578 | D        | Lost mutation: Your body sometimes deteriorates upon taking
                  | damage. [potion of mutation]
   578 | D        | Gained mutation: You are somewhat resistant to further
                  | mutation. [potion of mutation]
   579 | D        | Lost mutation: Your spells are easier to cast, but less
                  | powerful. [potion of mutation]
   579 | D        | Lost mutation: You are somewhat resistant to further
                  | mutation. [potion of mutation]
   579 | D        | Lost mutation: Your spells are a little easier to cast, but
                  | a little less powerful. [potion of mutation]
   579 | D        | Lost mutation: You are dopey. (Int -2) [potion of mutation]
   579 | D        | Gained mutation: You are frail. (-10% HP) [potion of
                  | mutation]
   579 | D        | Gained mutation: Armour fits poorly on your strangely
                  | shaped body. [potion of mutation]
   579 | D        | Gained mutation: Your magical capacity is low. (-10% MP)
                  | [potion of mutation]
   579 | D        | Gained mutation: Your spells are a little harder to cast,
                  | but a little more powerful. [potion of mutation]
   580 | D        | Bought 3 potions of mutation for 168 gold pieces
   580 | D        | Lost mutation: Armour fits poorly on your strangely shaped
                  | body. [potion of mutation]
   580 | D        | Lost mutation: Your magical capacity is low. (-10% MP)
                  | [potion of mutation]
   580 | D        | Gained mutation: Your flesh is heat resistant. (rF+)
                  | [potion of mutation]
   580 | D        | Gained mutation: You have large cloven feet. [potion of
                  | mutation]
   581 | D        | Lost mutation: Your spells are a little harder to cast, but
                  | a little more powerful. [potion of mutation]
   581 | D        | Lost mutation: You are weak. (Str -2) [potion of mutation]
   581 | D        | Lost mutation: Your flesh is heat resistant. (rF+) [potion
                  | of mutation]
   581 | D        | Lost mutation: You are frail. (-10% HP) [potion of
                  | mutation]
   581 | D        | Gained mutation: You have a somewhat thin skeletal
                  | structure. (Dex +2, Stealth) [potion of mutation]
   581 | D        | Gained mutation: You have hoof-like feet. [potion of
                  | mutation]
   581 | D        | Gained mutation: You are resistant to hostile enchantments.
                  | (MR+) [potion of mutation]
   581 | D        | Gained mutation: You are agile. (Dex +2) [potion of
                  | mutation]
   647 | D        | Round 5.
   647 | D        | Noticed a spiny frog
   655 | D        | Noticed the 27-headed Lernaean hydra
   658 | D        | Killed a spiny frog
   658 | D        | Reached skill level 10 in Shields
   658 | D        | Reached XP level 9. HP: 59/82 MP: 9/9
   672 | D        | HP: 4/82 [the 27-headed Lernaean hydra (5)]
   672 | D        | Slain by the 27-headed Lernaean hydra

Skill      XL: |  1  2  3  4  5  6  7  8 |
---------------+-------------------------+-----
Shields        | 4 6 7 8 10 | 10.2
Fighting       | 7 9 10 12 | 12.5
Axes           | 6 8 9 11 | 11.3
Armour         | 6 7 8 9 |  9.5

Action                   |  1- 3 |  4- 6 |  7- 9 || total
-------------------------+-------+-------+-------++-------
Melee: War axe           |    13 |    28 |    79 ||   120
       Kick              |       |       |     6 ||     6
Evoke: Wand              |       |       |     3 ||     3
  Use: Potion            |       |       |     4 ||     4
Armor: Scale mail        |     2 |     9 |    29 ||    40
Dodge: Dodged            |     2 |     7 |    21 ||    30
Block: Shield            |     6 |    21 |    79 ||   106
